 Dungeon Crawl Stone Soup version 0.29.0-11-gd7f09526c8 (webtiles) character file.

Game seed: 14172994848478327847

64038 greasedhog the Severer (level 16, -4/150 HPs)
             Began as a Meteoran Berserker on Sept 6, 2022.
             Was an Elder of Trog.
             Slain by an alligator snapping turtle (8 damage)
             ... on level 4 of the Shoals.
             The game lasted 00:27:53 (9193 turns).

greasedhog the Severer (Meteoran Berserker)         Turns: 9193, Time: 00:27:54

Health: -4/150     AC: 50    Str: 28    XL:     16   Next: 0%
Magic:  17/17      EV: 10    Int:  9    God:    Trog [****..]
Gold:   417        SH:  0    Dex: 14    Spells: 15/15 levels left

rFire   . . .      SeeInvis .   Q - +3 executioner's axe (vorpal)
rCold   . . .      Faith    .   (shield currently unavailable)
rNeg    . . .      Spirit   .   w - +14 crystal plate armour of Inference {rCorr Str-2 Slay+2}
rPois   .          Reflect  .   s - +2 helmet
rElec   .          Harm     .   G - +0 cloak
rCorr   +          Rampage  .   N - +2 pair of gloves {Str+3}
Will    +++..                   E - +2 pair of boots
Stlth   ..........              D - amulet of regeneration
HPRegen 1.15/turn               h - +4 ring of slaying
MPRegen 0.15/turn               K - ring of willpower

@: on berserk cooldown, slowed, glowing, very slow
A: sense surroundings 2, otherworldly, glowing, explore regen
a: Renounce Religion, Berserk, Trog's Hand, Brothers in Arms


You were on level 4 of the Shoals.
You worshipped Trog.
Trog was greatly pleased with you.
You visited 3 branches of the dungeon, and saw 22 of its levels.
You also visited: Ossuary.

You collected 1165 gold pieces.
You spent 748 gold pieces at shops.

Inventory:

Hand Weapons
 a - a +0 hand axe
 I - a +1 demon whip of venom
 Q - a +3 vorpal executioner's axe (weapon)
Missiles
 R - 2 throwing nets (quivered)
Armour
 s - a +2 helmet (worn)
 w - the +14 crystal plate armour of Inference (worn) {rCorr Str-2 Slay+2}
   (You acquired it on level 7 of the Dungeon)

   Str:       It affects your strength (-2).
   Slay:      It affects your accuracy & damage with ranged weapons and melee
   (+2).
   rCorr:     It protects you from acid and corrosion.
 E - a +2 pair of boots (worn)
 G - a +0 cloak (worn)
 N - a +2 pair of gloves of strength (worn)
Jewellery
 h - a +4 ring of slaying (left hand)
 D - an amulet of regeneration (around neck)
 H - a ring of poison resistance
 K - a ring of willpower (right hand)
Wands
 n - a wand of iceblast (23)
 o - a wand of light (4)
 v - a wand of paralysis (19)
 J - a wand of mindburst (5)
Scrolls
 c - 2 scrolls of enchant armour
 d - a scroll of summoning
 e - 6 scrolls of enchant weapon
 f - 6 scrolls of vulnerability
 k - a scroll of poison
 p - 2 scrolls of torment
 y - 3 scrolls of teleportation
 z - a scroll of silence
 C - 3 scrolls of butterflies
 F - a scroll of magic mapping
 L - 2 scrolls of fear
Potions
 b - 2 potions of flight
 g - 9 potions of curing
 i - 3 potions of ambrosia
 l - 3 potions of might {unknown}
 m - a potion of berserk rage {unknown}
 q - 3 potions of attraction {unknown}
 r - 5 potions of haste {unknown}
 t - 4 potions of brilliance
 u - 3 potions of invisibility {unknown}
 x - 4 potions of lignification {unknown}
 A - 5 potions of mutation
 B - 2 potions of resistance
 M - a potion of magic {unknown}


   Skills:
 * Level 15.7 Fighting
 * Level 16.1 Axes
 - Level 15.2 Armour
 - Level 11.0 Dodging
 - Level 11.1 Evocations


You had 15 spell levels left.
You didn't know any spells.
Your spell library was empty.

Dungeon Overview and Level Annotations

Branches:
Dungeon (13/15) Zot: 1975    Lair (5/5) D:9 Zot: 1130  Shoals (4/4) Lair:3 Zot: 1154
  Slime (0/5) Lair:5          Orc (0/2) D:11         Vaults (0/5) D:13
Ossuary (visited)
 Temple: D:4-7        Snake: Lair:2-3    Spider: Lair:2-3

Altars:
Ashenzari
Cheibriados
Fedhas
Hepliaklqana
Makhleb
Nemelex Xobeh
Ru
Vehumet
The Shining One

Shops:
D:10 (   D:11 =[   Shoals:2 ?

Annotations:
D:7 2 transporters, RascalDebosk's ghost, amateur MiMo
D:10 2 runed translucent doors


Innate Abilities, Weirdness & Mutations

You passively map the area around you.
You are easily found by Zot.
You glow in the dark.
You regain HP and MP as you explore.


Message History

The alligator snapping turtle bites you but does no damage. x2
Your unstable footing causes you to fumble your attack.
The alligator snapping turtle closely misses you.
Your unstable footing causes you to fumble your attack.
The alligator snapping turtle bites you.
The alligator snapping turtle bites you but does no damage.
You hit the alligator snapping turtle but do no damage.
The alligator snapping turtle is moderately wounded.
The alligator snapping turtle bites you but does no damage.
Your unstable footing causes you to fumble your attack.
The alligator snapping turtle bites you but does no damage.
Your unstable footing causes you to fumble your attack.
The alligator snapping turtle bites you!!
You slash the alligator snapping turtle!
The alligator snapping turtle is heavily wounded.
The alligator snapping turtle bites you!!
* * * LOW HITPOINT WARNING * * *
The alligator snapping turtle bites you but does no damage.
The merfolk javelineer shouts!
You hit the alligator snapping turtle but do no damage.
The alligator snapping turtle is heavily wounded.
The merfolk javelineer throws a silver javelin.
The silver javelin pierces through you but does no damage.
* * * LOW HITPOINT WARNING * * *
The alligator snapping turtle bites you!!
* * * LOW HITPOINT WARNING * * *
The merfolk javelineer throws a silver javelin.
The silver javelin barely misses you.
As you read the scroll of summoning, it crumbles to dust.
Wisps of shadow whirl around you...
The alligator snapping turtle bites you but does no damage.
The merfolk javelineer throws a silver javelin.
The silver javelin pierces through you but does no damage.
* * * LOW HITPOINT WARNING * * *
You feel better.
The merfolk javelineer throws a silver javelin.
The silver javelin pierces through you!
* * * LOW HITPOINT WARNING * * *
x2 The alligator snapping turtle bites you!
You die...

~~..~~##~~~##~~~~≈≈≈≈≈≈≈≈~~~~~~~~
.......#####~~~~~≈≈≈≈≈≈≈≈~~~~~~~~
.........~~m~~~~≈≈≈≈≈≈≈≈≈~~~~~~~~
..........~~~~~~≈≈≈≈≈≈≈≈≈~~~~~~~~
.##....##.~~~~~~~≈≈≈≈≈≈≈≈~~~~~~~~
.#....####.~.~~~~≈≈≈≈≈≈≈≈~~~~~~~~
........##...~~mt≈≈≈≈≈≈≈≈≈≈≈≈≈≈≈≈
..~..........~~~~t†≈≈≈≈≈≈≈≈≈≈≈≈≈≈
..~<...#.....~~m@~~≈≈≈≈≈≈≈≈≈≈≈≈≈≈
...###.##.##..~~~~~≈≈≈≈≈≈≈~~~~~≈≈
.<.,#####?.##.H~≈≈≈#####~~~~~~~~~
....#..##......~~≈##~~~##~~b~~~~~
..............~~~≈#~~~~m#~~~~~~~~
..........~~~~~~~~#..)m.)........
~.......~~~~~~[~..#,,,,,#))....~.
~≈......~~~~~~~~..#*,,,##m.......
~≈≈~....~~~~~~~..#######..bb.....


You could see an alligator snapping turtle (ally target), a merfolk javelineer,
a friendly snapping turtle (summoned), 2 friendly merfolk and a friendly
manticore (summoned).

Vanquished Creatures
  Snorg (Lair:3)
  3 merfolk javelineers (Shoals:4)
  2 merfolk impalers (Shoals:4)
  Josephine (Lair:5)
  2 boulder beetles
  2 alligator snapping turtles (Shoals:4)
  A centaur warrior (D:13)
  A two-headed ogre (D:9)
  3 hydras
  A merfolk aquamancer (Shoals:4)
  6 merfolk avatars
  6 death yaks (Lair:3)
  Nergalle (D:10)
  Amaemon (Lair:2)
  A skeletal warrior (D:13)
  5 sea snakes
  10 harpies
  5 manticores
  4 fauns (Shoals:2)
  2 ugly things
  2 cyclopes
  3 merfolk sirens
  3 black mambas
  4 cane toads
  3 water nymphs
  An orange demon (Lair:2)
  4 centaur skeletons (D:13)
  A rime drake (Lair:3)
  4 komodo dragons
  3 yaktaurs (D:13)
  2 ice devils (Lair:1)
  A polar bear (Lair:5)
  3 burning bushes (Lair:5)
  6 merfolk (Shoals:4)
  3 meliai (D:13)
  2 trolls
  5 wind drakes (Shoals:4)
  3 slime creatures (D:12)
  4 snapping turtles
  14 blink frogs
  Sigmund (D:2)
  2 water elementals
  A vampire (D:12)
  5 wraiths
  3 basilisks (Lair:4)
  3 wyverns
  26 yaks
  8 vampire mosquitoes (D:10)
  9 water moccasins
  An acid dragon (D:13)
  8 orc warriors
  A boggart (D:13)
  An ogre (D:7)
  14 wolves (Lair:1)
  9 centaurs
  6 kobold brigands
  10 bullfrogs
  2 gnoll sergeants (D:7)
  A necrophage (D:3)
  2 scorpions
  3 wights (D:6)
  6 killer bees
  4 howler monkeys
  3 electric eels (D:12)
  4 hounds
  3 centaur zombies (Ossuary)
  3 jellies
  2 gnoll boudas
  4 orc priests
  Ijyb (D:3)
  An iguana (D:4)
  3 orc wizards
  4 mummies (Ossuary)
  11 gnolls
  3 adders
  A shadow imp (D:7)
  An ufetubus (D:5)
  2 dart slugs
  27 orcs
  5 ball pythons
  2 bats
  2 endoplasms
  4 giant cockroaches
  4 goblins
  5 hobgoblins
  21 kobolds
  5 quokkas
  2 frilled lizards (D:2)
  A goblin zombie (Ossuary)
  3 hobgoblin zombies (Ossuary)
  An orc zombie (Ossuary)
  A rat (D:1)
384 creatures vanquished.

Vanquished Creatures (collateral kills)
  A merfolk impaler (Shoals:3)
  A merfolk javelineer (Shoals:4)
  An alligator snapping turtle (Shoals:4)
  A merfolk siren (Shoals:4)
  7 merfolk
11 creatures vanquished.

Vanquished Creatures (others)
  11 fungi
  44 plants
55 creatures vanquished.

Grand Total: 450 creatures vanquished

Notes
Turn   | Place    | Note
-------+----------+-------------------------------------------
     0 | D:1      | greasedhog the Meteoran Berserker began the quest for the
                  | Orb.
     0 | D:1      | Reached XP level 1. HP: 19/19 MP: 2/2
    92 | D:1      | Reached XP level 2. HP: 7/26 MP: 3/3
   106 | D:1      | Reached skill level 4 in Axes
   227 | D:2      | Reached XP level 3. HP: 33/33 MP: 4/4
   527 | D:2      | Noticed Sigmund
   539 | D:2      | Killed Sigmund
   540 | D:2      | Reached skill level 5 in Fighting
   540 | D:2      | Reached skill level 5 in Axes
   540 | D:2      | Reached XP level 4. HP: 42/42 MP: 5/5
   540 | D:2      | Reached XP level 5. HP: 48/48 MP: 6/6
   540 | D:2      | Reached XP level 6. HP: 56/56 MP: 7/7
   610 | D:3      | Reached skill level 6 in Axes
   671 | D:3      | Noticed Ijyb
   681 | D:3      | Killed Ijyb
   715 | D:3      | Reached XP level 7. HP: 40/60 MP: 8/8
  1047 | D:3      | Found a blossoming altar of Fedhas.
  1104 | D:4      | Reached ** piety under Trog
  1112 | D:4      | Reached skill level 7 in Axes
  1164 | D:4      | Found a sparkling altar of Nemelex Xobeh.
  1548 | D:5      | Entered Level 5 of the Dungeon
  1755 | D:5      | Reached XP level 8. HP: 70/70 MP: 9/9
  1926 | D:5      | Reached skill level 8 in Axes
  1926 | D:5      | Reached skill level 5 in Armour
  2229 | D:6      | Noticed a cyclops
  2236 | D:6      | Killed a cyclops
  2237 | D:6      | Reached skill level 9 in Axes
  2237 | D:6      | Gained mutation: You passively map the area around you.
                  | [Meteoran growth]
  2237 | D:6      | Reached XP level 9. HP: 75/75 MP: 10/10
  2302 | D:7      | Reached skill level 10 in Axes
  2566 | D:7      | Found a sand-covered staircase.
  2580 | Ossuary  | Entered an ossuary
  2773 | Ossuary  | Identified a scroll of acquirement
  2776 | D:7      | Acquired the +14 crystal plate armour of Inference {rCorr
                  | Str-2 Slay+2}
  2815 | D:7      | Reached *** piety under Trog
  2858 | D:7      | Found a transporter.
  2866 | D:7      | Reached skill level 11 in Axes
  2867 | D:7      | Reached XP level 10. HP: 83/83 MP: 11/11
  2870 | D:7      | Found a transporter.
  2885 | D:7      | Noticed RascalDebosk's ghost (amateur MiMo)
  3206 | D:8      | Found a radiant altar of Vehumet.
  3635 | D:8      | Found a burning altar of Makhleb.
  3825 | D:9      | Reached skill level 10 in Armour
  3838 | D:9      | Reached skill level 12 in Axes
  3857 | D:9      | Noticed a two-headed ogre
  3867 | D:9      | Killed a two-headed ogre
  3868 | D:9      | Reached skill level 5 in Dodging
  3999 | D:9      | Found a glowing golden altar of the Shining One.
  3999 | D:9      | Found a hazy altar of Hepliaklqana.
  4000 | D:9      | Found a broken altar of Ashenzari.
  4004 | D:9      | Found a snail-covered altar of Cheibriados.
  4005 | D:9      | Found a sacrificial altar of Ru.
  4266 | D:9      | Found a staircase to the Lair.
  4491 | Lair:1   | Entered Level 1 of the Lair of Beasts
  4519 | Lair:1   | Noticed an ice devil
  4521 | Lair:1   | Found a frozen archway.
  4536 | Lair:1   | Killed an ice devil
  4537 | Lair:1   | Noticed an ice devil
  4550 | Lair:1   | Killed an ice devil
  4551 | Lair:1   | Reached skill level 13 in Axes
  4551 | Lair:1   | Reached XP level 11. HP: 89/89 MP: 12/12
  4630 | Lair:2   | Noticed Amaemon
  4646 | Lair:2   | Killed Amaemon
  4671 | Lair:3   | Found a staircase to the Shoals.
  4684 | Lair:3   | Reached skill level 14 in Axes
  4705 | Lair:3   | Noticed a black mamba
  4715 | Lair:3   | Killed a black mamba
  4716 | Lair:3   | Reached skill level 1 in Evocations
  4762 | Lair:3   | Noticed Snorg
  4787 | Lair:3   | Killed Snorg
  4837 | Lair:3   | Reached skill level 10 in Dodging
  4837 | Lair:3   | Reached skill level 5 in Evocations
  4837 | Lair:3   | Reached **** piety under Trog
  4839 | Lair:3   | Reached XP level 12. HP: 84/95 MP: 13/13
  4980 | Lair:3   | Noticed a death yak
  4981 | Lair:3   | Noticed a death yak
  4981 | Lair:3   | Noticed a death yak
  4982 | Lair:3   | Noticed a death yak
  4984 | Lair:3   | Noticed a death yak
  4992 | Lair:3   | Noticed a death yak
  5009 | Lair:3   | Killed a death yak
  5011 | Lair:3   | Killed a death yak
  5012 | Lair:3   | Killed a death yak
  5018 | Lair:3   | Killed a death yak
  5020 | Lair:3   | Killed a death yak
  5036 | Lair:3   | Killed a death yak
  5210 | Lair:4   | Reached XP level 13. HP: 94/108 MP: 14/14
  5264 | Lair:4   | Reached skill level 10 in Evocations
  6117 | Lair:5   | Entered Level 5 of the Lair of Beasts
  6157 | Lair:5   | Reached ***** piety under Trog
  6158 | Lair:5   | Found a staircase to the Slime Pits.
  6181 | Lair:5   | Noticed a seven-headed hydra
  6196 | Lair:5   | Killed a seven-headed hydra
  6197 | Lair:5   | Reached skill level 10 in Fighting
  6203 | Lair:5   | Noticed Josephine
  6228 | Lair:5   | Killed Josephine
  6402 | D:10     | Entered Level 10 of the Dungeon
  6444 | D:10     | Found a runed translucent door.
  6457 | D:10     | Found a runed translucent door.
  6804 | D:10     | Received a gift from Trog
  6848 | D:10     | Found Sikunohum's Antique Weapon Emporium.
  6904 | D:10     | Noticed Nergalle
  6922 | D:10     | Killed Nergalle
  7078 | D:11     | Noticed a boulder beetle
  7095 | D:11     | Killed a boulder beetle
  7096 | D:11     | Reached XP level 14. HP: 99/125 MP: 15/15
  7192 | D:11     | Found Bicreodo's Armour Emporium.
  7195 | D:11     | Found a staircase to the Orcish Mines.
  7216 | D:11     | Bought a +1 pair of gloves of strength for 181 gold pieces
  7274 | D:11     | Found Qijukaats's Jewellery Emporium.
  7281 | D:11     | Bought a ring of poison resistance for 260 gold pieces
  7892 | D:13     | Found a gate to the Vaults.
  8015 | Shoals:1 | Entered Level 1 of the Shoals
  8065 | Shoals:2 | Found Ceadeizi's Magic Scroll Shoppe.
  8094 | Shoals:2 | HP: 3/129 [sea snake (6)]
  8201 | Shoals:2 | Bought a scroll of fear for 60 gold pieces
  8201 | Shoals:2 | Bought a scroll of blinking for 112 gold pieces
  8201 | Shoals:2 | Bought a scroll of teleportation for 45 gold pieces
  8201 | Shoals:2 | Bought 3 scrolls of identify for 90 gold pieces
  8333 | Shoals:3 | Received a gift from Trog
  8334 | Shoals:3 | Reached XP level 15. HP: 102/138 MP: 16/16
  8464 | Shoals:4 | Entered Level 4 of the Shoals
  8526 | Shoals:4 | Reached skill level 15 in Armour
  8741 | Shoals:4 | Reached skill level 15 in Axes
  8830 | Shoals:4 | Reached skill level 15 in Fighting
  8846 | Shoals:4 | HP: 6/141 [merfolk javelineer/silver javelin (16)]
  8846 | Shoals:4 | HP: 2/141 [merfolk javelineer/silver javelin (4)]
  9166 | Shoals:4 | Reached skill level 16 in Axes
  9170 | Shoals:4 | Reached XP level 16. HP: 142/150 MP: 17/17
  9193 | Shoals:4 | HP: 4/150 [merfolk javelineer/silver javelin (4)]
  9193 | Shoals:4 | Slain by an alligator snapping turtle

Illustrated notes

Levels and vault maps discovered:
D:1:      nzn_arrival_depleted_hourglass, layout_rooms,
          hellmonk_ecumenical_altar_pennies_from_heaven, serial_bayou_crossing
D:2:      layout_basic, uniq_natasha, uniq_sigmund
D:3:      layout_loops_ring, mainiacjoe_overflow_chevrons, uniq_ijyb
D:4:      layout_basic, kennysheep_little_box, temple_green
D:5:      layout_loops_ring
D:6:      layout_cave_pools, serial_shops, nicolae_square_shop
D:7:      layout_basic, gammafunk_ghost_hive, nicolae_ossuary_entry_ruins,
          nicolae_grassy_gnolls
D:8:      layout_basic, makhleb_blood_cavern_becter,
          lemuel_coloured_pillars_altar
D:9:      layout_layer_cave, minitemple, lair_entry_dummy
D:10:     lemuel_insect_pit, layout_rooms, serial_shops, shop_coins,
          uniq_nergalle
D:11:     layout_rooms, orc_david_3, nicolae_stop_n_shop_1
D:12:     layout_rooms, serial_bayou_lake_a
D:13:     layout_long_grid, hangedman_vaults_entry_quadrant_bands,
          minmay_curled_crystal
Lair:1:   layout_regular_city, portal_ice_cave_demonic_guard,
          kennysheep_snail_temple
Lair:2:   layout_long_grid, spider_nest_entry_funnel_web, uniq_erica,
          uniq_amaemon
Lair:3:   layout_concentric_octagons, minmay_shoals_entry_centaurs,
          lemuel_fruit_fields, uniq_snorg
Lair:4:   wad_woods_structure_01, layout_regular_city
Lair:5:   minmay_lair_end_enchanted_forest, layout_long_grid, slime_entry_1,
          gammafunk_ghost_icy, evilmike_ambush [evilmike_ambush_outer_corners,
          evilmike_ambush_inner_pond], serial_bayou_shore_b, uniq_josephine
Shoals:1: layout_shoals, lemuel_oklob_altar
Shoals:2: layout_shoals, serial_shops, shop, nicolae_shoals_aquamancer_cove,
          uniq_polyphemus, uniq_nikola
Shoals:3: layout_shoals, nicolae_shop_unique_rings
Shoals:4: shoals_end_simple, layout_shoals

Skill      XL: |  1  2  3  4  5  6  7  8  9 10 11 12 13 14 15 |
---------------+----------------------------------------------+-----
Axes           | 4 5 6 7 9 11 13 14 16 | 16.1
Fighting       | 5 8 11 14 15 | 15.7
Armour         | 4 7 9 10 12 14 15 | 15.2
Dodging        | 6 10 11 | 11.0
Evocations     | 5 9 11 | 11.1

Action                   |  1- 3 |  4- 6 |  7- 9 | 10-12 | 13-15 | 16-18 || total
-------------------------+-------+-------+-------+-------+-------+-------++-------
Melee: Hand axe          |    46 |    33 |   251 |   380 |   376 |       ||  1086
       Punch             |     1 |       |     2 |       |       |       ||     3
       Demon whip        |       |       |       |       |   407 |       ||   407
       Executioner's axe |       |       |       |       |   213 |    12 ||   225
Invok: Berserk           |     2 |     1 |     6 |     6 |     4 |       ||    19
       Trog's Hand       |       |       |       |     3 |     8 |       ||    11
       Brothers in Arms  |       |       |       |       |     3 |       ||     3
Evoke: Wand              |       |       |       |     4 |     5 |     4 ||    13
  Use: Scroll            |     3 |       |     6 |     1 |    11 |     1 ||    22
       Potion            |       |       |       |     2 |    11 |     1 ||    14
 Stab: Paralysed         |       |       |       |     5 |       |       ||     5
       Invisible         |       |       |       |     1 |       |       ||     1
       Distracted        |       |       |       |       |     2 |       ||     2
Armor: Animal skin       |     9 |       |       |       |       |       ||     9
       Scale mail        |     8 |    11 |     4 |       |       |       ||    23
       Plate armour      |       |       |   111 |       |       |       ||   111
       Crystal plate arm |       |       |    43 |   341 |  1102 |    13 ||  1499
Dodge: Dodged            |    25 |    13 |    60 |    80 |   397 |     7 ||   582
Block: Kite shield       |       |       |    42 |   131 |    15 |       ||   188
       Buckler           |       |       |       |       |   115 |       ||   115
